 Dungeon Crawl Stone Soup version 0.21.0-30-g47ce8e4cbb (webtiles) character file.

7789469 Rrauwl the Victor of a Thousand Battles (level 27, 193/193 HPs)
             Began as a Gargoyle Earth Elementalist on Jan 26, 2018.
             Was the Champion of Okawaru.
             Escaped with the Orb
             ... and 9 runes on Jan 29, 2018!
             The game lasted 10:29:06 (78257 turns).

Rrauwl the Victor of a Thousand Battles (GrEE)     Turns: 78257, Time: 10:29:06

Health: 193/193    AC: 66    Str: 33    XL:     27
Magic:  40/40      EV: 21    Int: 33    God:    Okawaru [******]
Gold:   7976       SH: 28    Dex: 18    Spells: 13/52 levels left

rFire    + + +     SeeInvis .   a - +9 eveningstar (venom)
rCold    + + .     Gourm    .   p - +5 shield {AC+3}
rNeg     + + .     Faith    .   x - +10 shadow dragon scales of Syndicalism {rF+ Regen+ Stlth++++}
rPois    ∞         Spirit   .   V - -2 hat of the Alchemist {rElec rPois rF+ rC+ rN+ MR+ rMut rCorr}
rElec    +         Reflect  +   Q - +2 cloak of Soxtum {rPois MR- Str+3 Dex+7}
rCorr    +         Harm     .   v - +0 pair of gloves of Weirdness {rC+ Regen+ Str+2 Int+2}
rMut     +         Clarity  +   q - +3 pair of boots "Lehamuec" {Str+3}
MR       ++...                  r - +5 amulet of reflection
Stlth    +++.......             R - ring of Cowardice {+Fly Str+4 Int+7 Stlth+}
HPRegen  1.22/turn              u - ring "Sihiovola" {rPois rF+ Int+5}
MPRegen  0.27/turn

@: flying
A: big wings, rugged brown scales 2, yellow scales 1, clarity, dopey 1, negative
energy resistance 1, electricity resistance, strong 1, unbreathing,
petrification resistance, rot immunity, MP-powered wands, AC +20
0: Orb of Zot
}: 9/15 runes: decaying, serpentine, slimy, silver, iron, obsidian, icy, bone,
abyssal
a: Stop Flying, Heroism, Finesse, Renounce Religion


You escaped.
You worshipped Okawaru.
Okawaru was exalted by your worship.
You were not hungry.

You visited 16 branches of the dungeon, and saw 79 of its levels.
You visited the Abyss 3 times.
You visited 1 ziggurat, and saw 7 of its levels.
You also visited: Labyrinth, Ossuary, Ice Cave and Volcano.

You collected 9219 gold pieces.
You spent 1243 gold pieces at shops.

Inventory:

Hand Weapons
 a - a +9 eveningstar of venom (weapon)
 C - a +1 whip of flaming
 Y - a +2 long sword of distortion
Missiles
 O - 4 throwing nets (quivered)
Armour
 p - a +5 shield of protection (worn)
 q - the +3 pair of boots "Lehamuec" (worn) {Str+3}
   (You acquired it on level 5 of a ziggurat)

   It affects your strength (+3).
 v - the +0 pair of gloves of Weirdness (worn) {rC+ Regen+ Str+2 Int+2}
   (You acquired it in an ossuary)

   It affects your strength (+2).
   It affects your intelligence (+2).
   It protects you from cold.
   It increases your rate of regeneration.
 x - the +10 shadow dragon scales of Syndicalism (worn) {rF+ Regen+ Stlth++++}
   (You found it on level 5 of the Pits of Slime)

   It protects you from fire.
   It increases your rate of regeneration.
   It makes you much more stealthy.
 E - the +3 faerie dragon scales {rN+ rCorr Str-5 Slay+2}
   (You took it off the Enchantress on level 5 of the Depths)

   It affects your strength (-5).
   It affects your accuracy and damage with ranged weapons and melee attacks
   (+2).
   It protects you from negative energy.
   It protects you from acid and corrosion.
 Q - the +2 cloak of Soxtum (worn) {rPois MR- Str+3 Dex+7}
   (You bought it in a shop on level 2 of the Orcish Mines)

   It affects your strength (+3).
   It affects your dexterity (+7).
   It protects you from poison.
   It affects your resistance to hostile enchantments.
 T - the +9 plate armour of Honour {Regen+ Str+9 Int-2 Stlth+}
   (You found it on level 5 of the Realm of Zot)

   It affects your strength (+9).
   It affects your intelligence (-2).
   It increases your rate of regeneration.
   It makes you more stealthy.
 V - the -2 hat of the Alchemist (worn) {rElec rPois rF+ rC+ rN+ MR+ rMut rCorr}
   (You found it on level 4 of the Swamp)

   It protects you from fire.
   It protects you from cold.
   It insulates you from electricity.
   It protects you from poison.
   It protects you from negative energy.
   It affects your resistance to hostile enchantments.
   It protects you from acid and corrosion.
   It protects you from mutation.
 W - a +4 ring mail
Jewellery
 r - a +5 amulet of reflection (around neck)
 u - the ring "Sihiovola" (right hand) {rPois rF+ Int+5}
   (You found it on level 5 of the Pits of Slime)

   [ring of protection from fire]

   It affects your intelligence (+5).
   It protects you from fire.
   It protects you from poison.
 w - the ring "Eppoc" {rPois Str+6}
   (You found it on level 7 of Cocytus)

   [ring of poison resistance]

   It affects your strength (+6).
   It protects you from poison.
 z - an uncursed ring of see invisible
 R - the ring of Cowardice (left hand) {+Fly Str+4 Int+7 Stlth+}
   (You found it on level 3 of the Depths)

   [ring of flight]

   It affects your strength (+4).
   It affects your intelligence (+7).
   It lets you fly.
   It makes you more stealthy.
Wands
 j - a wand of scattershot (4)
 n - a wand of digging (55)
 G - a wand of acid (23)
 J - a wand of enslavement (11)
 K - a wand of flame (23)
 M - a wand of disintegration (53)
 N - a wand of paralysis (24)
 P - a wand of iceblast (24)
 Z - a wand of clouds (2)
Scrolls
 d - 3 scrolls of silence
 f - 3 scrolls of blinking
 g - 8 scrolls of teleportation
 i - 7 scrolls of identify
 s - 20 scrolls of remove curse
 t - 4 scrolls of magic mapping
 A - 6 scrolls of fog
 L - a scroll of enchant weapon
 S - 8 scrolls of fear
Potions
 h - 2 potions of haste
 k - 13 potions of curing
 m - 3 potions of cancellation
 o - a potion of ambrosia
 F - 3 potions of resistance
 I - 2 potions of berserk rage
 U - a potion of heal wounds
Books
 B - the Tome of Dislocation and Enchantment
   (You found it on level 7 of Cocytus)

   Spells                             Type                      Level
   a - Ensorcelled Hibernation        Hexes/Ice                    2
   b - Gell's Gravitas                Translocation                3
   c - Fulminant Prism                Conjuration/Hexes            4
   d - Discord                        Hexes                        8
Miscellaneous
 b - a lamp of fire
 c - 4 boxes of beasts
 l - 4 phantom mirrors
 y - the horn of Geryon
 D - 6 sacks of spiders
 H - a lamp of fire
 X - a lightning rod (4/4)
Comestibles
 e - 36 rations


   Skills:
 - Level 22.0 Fighting
 - Level 22.0 Maces & Flails
 - Level 22.0 Armour
 - Level 15.0 Dodging
 - Level 16.0 Stealth
 - Level 22.0 Shields
 - Level 13.0 Spellcasting
 - Level 20.0 Conjurations
 - Level 5.0 Summonings
 - Level 5.0 Necromancy
 - Level 5.0 Translocations
   Level 0.7 Transmutations
 - Level 6.0 Fire Magic
 - Level 20.0 Earth Magic
 + Level 25.0 Invocations
 - Level 12.0 Evocations


You had 13 spell levels left.
You knew the following spells:

 Your Spells              Type           Power        Failure   Level  Hunger
a - Summon Butterflies    Summ           ######..     1%          1    None
b - Stone Arrow           Conj/Erth      ######       0%          3    None
c - Lee's Rapid Deconstr  Erth           ########..   1%          5    None
d - Orb of Destruction    Conj           ########..   1%          7    #####..
e - Apportation           Tloc           ######       1%          1    None
f - Iron Shot             Conj/Erth      ########..   1%          6    ###....
g - Bolt of Magma         Conj/Fire/Erth #######...   1%          5    None
h - Sticky Flame          Conj/Fire      #######.     1%          4    None
i - Blink                 Tloc           N/A          1%          2    None
j - Bolt of Draining      Conj/Necr      #######...   1%          5    None


Dungeon Overview and Level Annotations

Branches:
Dungeon (15/15)            Temple (1/1) D:7            Lair (6/6) D:11
  Swamp (4/4) Lair:3        Snake (4/4) Lair:2        Slime (5/5) Lair:6
    Orc (2/2) D:12            Elf (0/3) Orc:2        Vaults (5/5) D:14
  Crypt (1/3) Vaults:3     Depths (5/5) D:15           Hell (1/1)
    Dis (7/7) Hell            Geh (7/7) Hell            Coc (7/7) Hell
    Tar (7/7) Hell            Zot (5/5) Depths:5

Altars:
Ashenzari
Cheibriados
Dithmenos
Elyvilon
Fedhas
Gozag
Hepliaklqana
Kikubaaqudgha
Makhleb
Nemelex Xobeh
Okawaru
Qazlal
Ru
Sif Muna
Trog
Uskayaw
Vehumet
Wu Jian
Xom
Yredelemnul
Zin
The Shining One
Beogh
Jiyva

Shops:
D:5 *   Orc:2 ([(*   Vaults:1 %   Vaults:2 ![%   Vaults:3 (   Vaults:4 !%
Depths:1 *

Portals:
Hell: Depths:1 Depths:2 Depths:3 Depths:4
Abyss: Depths:1 Depths:4
Pandemonium: Depths:2 Depths:3 Depths:5

Annotations:
D:3 MalkierKing's ghost, amateur MiFi
D:10 Joseph
Swamp:4 jazmu's ghost, adept GrAs
Snake:1 Louise
Crypt:1 Khufu
Abyss:1 Asterion; Boris; Mara; Saint Roka


Innate Abilities, Weirdness & Mutations

You are resistant to torment.
Your stone body is resilient. (AC +20)
You are immune to poison.
Your large and strong wings let you fly indefinitely.
You resist negative energy. (rN+)
You are resistant to electric shocks. (rElec)
You can survive without breathing.
You are immune to petrification.
You are immune to rotting.
You are mostly covered in rugged brown scales. (AC +2, +5% HP)
You are partially covered in yellow scales. (AC +2)
You possess an exceptional clarity of mind.
You are dopey. (Int -2)
Your muscles are strong. (Str +2)
You expend magic power (3 MP) to strengthen your wands.


Message History

There is an open door here.
You see here a ring mail.
There is an escape hatch in the ceiling here.
A mysterious force pulls you upwards. The hatch slams shut behind you.
A reaper comes into view. It is wielding a scythe of flaming.
You hit the reaper but do no damage. You block the reaper's attack.
You flatten the reaper like a pancake!!!
The reaper is heavily wounded.
You impale the reaper!!
The reaper is severely wounded.
You block the reaper's attack.
You puncture the reaper!
The reaper is almost dead.
You bludgeon the reaper!!
You kill the reaper!
Okawaru accepts your kill.
You see here a scythe of flaming.
There is an open door here.
There is a staircase leading out of the dungeon here.
You have escaped!

#####...................# .#
###..............>..####### .##
##..............#........## ..#
#....###################..##
#.####...##§§§§#.#§§§≈## ##...
....)....#§§§§≈#.#§≈≈§§### #...
#.#......#§§#§ #.# §#§§#.# #...
#.......##§§§§≈#.#§§≈§§#.# #...
...##...##§§§§≈#@#§≈≈≈§#.### #...
#####....#§§§§≈#.#≈§§§§#...######
#..###≈§§≈≈#.#§§§§§#...#...##
#....#≈≈#≈≈#.#§≈#≈§#........#
##.>..#≈≈§§§#.#≈≈§§§#.........
####.....##§≈≈§#'#≈≈§§##.........
..##.###########.######..........
#....##########..###............#
####...)..................##...##


There were no monsters in sight!

Vanquished Creatures
  Antaeus (Coc:7)
  Asmodeus (Geh:7)
  Ereshkigal (Tar:7)
  the Serpent of Hell (Geh:7)
  Dispater (Dis:7)
  5 orbs of fire
  4 ancient liches
  18 shard shrikes
  A curse toe (Zot:3)
  2 Killer Klowns (Zot:5)
  Geryon (Hell)
  4 golden dragons
  the Enchantress (Depths:5)
  13 bone dragons
  4 electric golems
  17 Brimstone Fiends
  Jorgrun (Depths:1)
  8 iron giants
  19 Tzitzimimeh
  6 doom hounds
  19 Ice Fiends
  13 tentacled monstrosities
  25 Orb Guardians
  7 Hell Sentinels
  Rupert (Lair:5)
  10 liches
  Murray (Depths:1)
  33 acid blobs
  4 Executioners
  5 quicksilver dragons
  5 titans
  A quicksilver dragon (shapeshifter) (Depths:3)
  7 tentacled starspawn
  11 ancient champions
  13 tengu reavers
  Roxanne (Snake:4)
  A sphinx (Vaults:5)
  9 death cobs
  A revenant (Hell)
  A thorn hunter (Swamp:4)
  Gastronok (D:11)
  Kirke (Lair:6)
  8 nagarajas
  Donald (Orc:2)
  12 storm dragons
  19 shadow dragons
  A storm dragon (shapeshifter) (Depths:3)
  16 draconian monks
  2 daevas
  A frost giant (shapeshifter) (Depths:3)
  5 draconian scorchers
  12 fire giants
  8 azure jellies
  5 draconian knights
  The ghost of DildoBatman the Bewitcher, an adept FoEn of Sif Muna (D:15)
  4 deep elf sorcerers
  An orc warlord (Orc:2)
  A ghost moth (shapeshifter) (Depths:3)
  10 iron dragons
  Aizul (Vaults:2)
  10 frost giants
  18 balrugs
  4 draconian shifters
  12 vault wardens
  2 ghost moths
  2 draconian stormcallers
  An angel (Zot:2)
  A deep elf elementalist (Vaults:5)
  2 cacodemons
  17 war gargoyles
  6 draconian annihilators
  2 ghouls (Zig:2)
  10 ironheart preservers
  5 spriggan defenders
  63 reapers
  A stone giant (shapeshifter) (Vaults:3)
  19 stone giants
  21 very ugly things
  3 vampire knights
  2 elemental wellsprings (Coc:7)
  4 black draconians
  13 small abominations
  9 green draconians
  2 lorocyprocas
  An entropy weaver (Vaults:3)
  3 deep elf demonologists
  A black sun (Zot:3)
  10 purple draconians
  10 spark wasps
  13 yellow draconians
  10 red draconians
  Snorg (Lair:3)
  11 white draconians
  A deep elf annihilator (Depths:4)
  5 jiangshi
  5 quicksilver dragon zombies
  14 blizzard demons
  15 crystal guardians (Depths:3)
  A green death (Dis:5)
  4 fire dragons
  18 death oozes
  A deep elf death mage (Depths:2)
  An ettin (shapeshifter) (Depths:3)
  10 ettins
  11 yaktaur captains
  5 deep elf high priests
  A merfolk impaler (Zig:5)
  A minotaur (Lab)
  14 great orbs of eyes
  13 hydras
  2 kraken zombies
  35 ice dragons
  26 vault guards
  A catoblepas (Zot:2)
  A hydra (shapeshifter) (Depths:3)
  5 quicksilver dragon skeletons
  4 rakshasas
  4 ghost crabs
  7 spriggan air magi
  A monstrous demonspawn (Depths:2)
  6 naga warriors
  Erica (D:8)
  2 centaur warriors (Vaults:1)
  3 death knights (Vaults:3)
  9 ogre magi
  8 anacondas
  22 dancing weapons
  A merfolk aquamancer (Zig:5)
  13 deep troll shamans
  7 alligators
  24 two-headed ogres
  4 death yaks
  5 vampire magi
  8 deep troll earth magi
  19 hell hogs
  2 tengu warriors
  6 shock serpents
  Urug (D:12)
  8 thrashing horrors
  A shock serpent (shapeshifter) (Depths:2)
  5 spriggan berserkers
  3 titan zombies
  3 orc high priests
  20 naga sharpshooters
  20 soul eaters
  Sonja (Orc:2)
  A fire crab (shapeshifter) (Vaults:5)
  6 titan skeletons
  22 sun demons
  2 deep elf knights
  8 storm dragon zombies
  8 wretched stars
  7 shadow wraiths
  3 ghost moth zombies
  144 skeletal warriors
  3 sixfirhies
  3 spatial maelstroms
  4 iron trolls
  The ghost of Stone the Spear-Bearer, a novice MfGl of Okawaru (D:6)
  A salamander mystic (Snake:2)
  2 spriggan druids
  62 hell knights
  A fire crab (Zig:7)
  8 glowing orange brains
  2 storm dragon skeletons
  28 deep trolls
  7 swamp dragons
  9 anaconda zombies
  5 flayed ghosts
  3 death drakes
  3 unseen horrors
  A death drake (shapeshifter) (Vaults:1)
  15 starcursed masses
  4 golden dragon zombies
  18 shadow demons
  An unseen horror (shapeshifter) (Depths:3)
  3 wizards
  A lindwurm (shapeshifter) (Depths:2)
  5 deep elf archers
  4 golden dragon skeletons
  4 wolf spider zombies
  11 orc knights
  3 obsidian statues
  2 orange crystal statues (Depths:3)
  Pikel (D:5)
  5 anaconda skeletons
  9 shadow dragon zombies
  2 naga ritualists (Snake:4)
  4 wolf spiders
  A harpy (shapeshifter) (Vaults:4)
  A shambling mangrove (Swamp:4)
  14 ironbrand convokers
  16 phantasmal warriors
  16 necromancers
  24 ugly things
  An orb spider (shapeshifter) (Vaults:4)
  8 deep elf magi
  4 harpies (Vaults:3)
  6 frost giant zombies
  9 mana vipers
  4 orc sorcerers (Orc:2)
  6 fire giant zombies
  9 iron dragon zombies
  2 orb spiders (Zig:3)
  8 salamanders
  9 shining eyes
  6 stone giant zombies
  3 draconians (Abyss:3)
  A wolf spider (shapeshifter) (Depths:2)
  5 frost giant skeletons
  8 iron dragon skeletons
  6 manticores
  6 cyclopes
  9 moths of wrath
  3 oklob plants (Zig:5)
  3 worldbinders
  A manticore (shapeshifter) (Depths:3)
  16 vault sentinels
  4 fire giant skeletons
  3 moths of wrath (shapeshifter)
  2 shock serpent zombies
  6 elephants (Lair:4)
  A water nymph (Zig:5)
  14 naga magi
  7 ice statues
  36 black mambas
  6 dire elephant zombies
  13 molten gargoyles
  11 gargoyles
  5 orange demons
  21 smoke demons
  2 eyes of devastation
  2 black mambas (shapeshifter)
  6 guardian serpents
  50 rust devils
  24 spiny frogs
  A torpor snail (Lair:4)
  3 dire elephant skeletons
  Psyche (D:10)
  An eye of devastation (shapeshifter) (Depths:3)
  6 stone giant skeletons
  2 storm dragon simulacra
  A green draconian zombie (Dis:2)
  6 rime drakes
  7 komodo dragons
  A demonic crawler (Hell)
  21 hellions
  A komodo dragon (shapeshifter) (Vaults:5)
  52 ice devils
  4 emperor scorpion zombies
  26 yaktaurs
  2 iron troll zombies (Dis:6)
  44 freezing wraiths
  22 red devils
  43 tormentors
  5 efreet
  9 trolls
  4 silent spectres
  10 ancient zymes
  11 hydra zombies
  A catoblepas skeleton (Abyss:3)
  3 harpy zombies
  A jumping spider (shapeshifter) (Vaults:3)
  11 tyrant leeches
  A hornet (shapeshifter) (Vaults:3)
  9 polar bears
  2 trolls (shapeshifter)
  A tengu conjurer (D:13)
  8 hydra skeletons
  5 merfolk (Zig:5)
  A wind drake (Depths:3)
  A shadow dragon simulacrum (Coc:7)
  20 hornets
  102 slime creatures
  4 ice dragon zombies
  A dream sheep (Lair:1)
  2 minotaur skeletons
  A blink frog (shapeshifter) (Abyss:4)
  A stone giant simulacrum (Tar:5)
  2 iron dragon simulacra
  12 bog bodies
  2 fire giant simulacra
  6 fire dragon zombies
  10 hippogriffs
  3 harpy skeletons
  10 raiju
  8 alligator zombies
  13 blink frogs
  12 ettin zombies
  2 fire dragon skeletons (Geh:7)
  8 ettin skeletons
  19 air elementals
  99 flying skulls
  3 ynoxinuls (Abyss:3)
  3 alligator skeletons
  4 redbacks
  13 spriggans
  18 water elementals
  34 shadows
  A tarantella (Zig:3)
  36 wraiths
  6 ice dragon skeletons
  4 vampires
  36 yaks
  A fire bat (Abyss:3)
  11 wyverns
  23 fire elementals
  3 hogs (Lair:6)
  A golden eye (Slime:5)
  A yak (shapeshifter) (Vaults:3)
  A basilisk (Abyss:3)
  2 humans (shapeshifter)
  3 chaos spawn
  A golden eye (shapeshifter) (Depths:5)
  6 hungry ghosts
  9 vampire mosquitoes
  2 black mamba skeletons
  2 yaktaur simulacra
  7 neqoxecs
  A catoblepas simulacrum (Tar:6)
  A human simulacrum (Vaults:1)
  29 insubstantial wisps
  A spatial vortex (Geh:7)
  A harpy simulacrum (Coc:7)
  2 human zombies
  2 hydra simulacra
  An acid dragon (shapeshifter) (Depths:1)
  56 nagas
  17 swamp worms
  7 wargs
  5 acid dragons
  11 porcupines
  A floating eye (shapeshifter) (Vaults:2)
  3 floating eyes
  A soldier ant (D:13)
  24 ice beasts
  13 spiny frog zombies
  14 water moccasins
  112 hell hounds
  A merfolk skeleton (Coc:6)
  2 alligator simulacra (Coc:7)
  A black bear (shapeshifter) (Depths:4)
  24 large abominations
  16 swamp drakes
  2 sky beasts
  14 black bears
  An ettin simulacrum (Coc:4)
  6 eyes of draining
  3 spiny frog skeletons
  43 orc warriors
  2 manticore zombies
  5 snapping turtle zombies
  A swamp dragon zombie (Coc:7)
  22 ogres
  3 phantoms
  9 boggarts
  17 necrophages
  8 snapping turtle skeletons
  7 centaurs
  22 wolves
  2 manticore skeletons
  11 crocodiles
  An elf zombie (D:5)
  2 big kobolds
  21 bullfrogs
  Blork the orc (D:5)
  11 earth elementals
  4 elf skeletons
  A wyvern zombie (D:12)
  4 scorpions
  A water moccasin skeleton (D:5)
  A hornet simulacrum (D:14)
  A scorpion (shapeshifter) (Vaults:1)
  A spriggan zombie (Dis:1)
  A troll zombie (Geh:6)
  A killer bee (shapeshifter) (Vaults:5)
  9 killer bees
  80 wights
  A howler monkey (D:8)
  2 electric eels (Lair:1)
  9 crimson imps
  3 bullfrog zombies
  A lava snake (D:15)
  2 centaur zombies
  4 quasits
  20 orc priests
  28 iron imps
  4 centaur skeletons
  A bullfrog skeleton (D:8)
  8 jellies
  23 orc wizards
  2 iguanas
  A human skeleton (Coc:7)
  9 worker ants
  2 killer bee zombies (Ossuary)
  An ogre skeleton (Coc:1)
  4 hound zombies
  A hound skeleton (D:5)
  20 mummies
  7 worker ant zombies
  4 gnolls (D:6)
  14 adders
  An adder (shapeshifter) (Vaults:5)
  19 shadow imps
  31 white imps
  3 ufetubi
  An ooze (shapeshifter) (Vaults:5)
  3 oozes
  2 adder zombies
  An adder skeleton (D:8)
  2 worms
  A dart slug (shapeshifter) (Vaults:5)
  13 dart slugs
  2 leopard geckos
  125 orcs
  2 ball pythons
  10 bats
  6 giant cockroaches
  8 goblins
  3 hobgoblins
  5 jackals
  5 quokkas
  A ball python zombie (Ossuary)
  A dart slug zombie (Crypt:1)
  5 frilled lizards
  A jackal skeleton (D:4)
  15 kobolds
  A leopard gecko skeleton (D:8)
  A leopard gecko zombie (Ossuary)
  4 orc skeletons
  An orc zombie (Dis:2)
  2 quokka skeletons
  A quokka zombie (Ossuary)
  4 rats
  3 briar patches (Swamp:4)
  A crawling corpse (Depths:2)
  A macabre mass (Depths:4)
  3 plants
  6 starspawn tentacles
  4 tentacles
  A withered plant (D:15)
3967 creatures vanquished.

Vanquished Creatures (collateral kills)
  the Royal Jelly (Slime:5)
  A quicksilver dragon (Dis:7)
  A deep elf sorcerer (Vaults:3)
  An ironheart preserver (Vaults:3)
  A skeletal warrior (Hell)
  A titan skeleton (Hell)
  A warg (Orc:2)
  An orc warrior (Orc:2)
  An ogre (Vaults:3)
  An orc (Orc:2)
10 creatures vanquished.

Vanquished Creatures (others)
  Vashnia (Snake:4)
  4 eldritch tentacles
  2 nagarajas (Snake:4)
  A frost giant (Coc:7)
  2 vault wardens
  An elemental wellspring (Coc:7)
  5 stone giants
  An ironheart preserver (Vaults:1)
  A deep elf demonologist (Depths:4)
  A crystal guardian (Vaults:4)
  A merfolk javelineer (Zig:5)
  A fire dragon (Zig:7)
  A great orb of eyes (Vaults:2)
  4 yaktaur captains
  2 ice dragons
  2 naga warriors
  A ghost crab (Swamp:1)
  An anaconda (Snake:1)
  A hydra (Swamp:4)
  3 alligators (Swamp:4)
  2 ogre magi (Vaults:3)
  6 two-headed ogres
  A deep troll shaman (Vaults:1)
  A spriggan rider (Swamp:3)
  2 shock serpents
  A shock serpent (shapeshifter) (Depths:3)
  A naga sharpshooter (Snake:3)
  A deep elf knight (Vaults:4)
  A skeletal warrior (Dis:7)
  A glowing orange brain (Depths:3)
  3 deep trolls (Vaults:1)
  A shambling mangrove (Swamp:1)
  A naga ritualist (Snake:4)
  A harpy (Vaults:3)
  3 ironbrand convokers (Vaults:3)
  A phantasmal warrior (D:15)
  2 deep elf archers
  2 orc knights
  A manticore (D:15)
  2 deep elf magi
  3 salamanders
  A wolf spider (Vaults:1)
  3 cyclopes
  An ugly thing (Vaults:3)
  3 black mambas
  A naga mage (Snake:3)
  2 hellions
  2 centaur skeletons (D:14)
  A kobold demonologist (D:12)
  A spiny frog (Swamp:3)
  3 freezing wraiths
  13 yaktaurs
  An efreet (D:14)
  A guardian mummy (D:15)
  A hornet (Swamp:1)
  2 polar bears (Lair:6)
  2 bog bodies (Swamp:4)
  2 raiju
  A slime creature (Vaults:2)
  An ice dragon zombie (Geh:7)
  An air elemental (Depths:3)
  A shadow (Geh:2)
  2 flying skulls
  2 wraiths
  A water elemental (Coc:7)
  A fire elemental (Depths:3)
  A yaktaur simulacrum (Vaults:1)
  3 vampire mosquitoes (Swamp:4)
  A warg (Lair:6)
  6 nagas
  A swamp worm (Swamp:3)
  A swamp drake (Swamp:4)
  2 orc warriors
  An eye of draining (shapeshifter) (Depths:3)
  A phantom (D:14)
  A black bear (Lair:6)
  2 ogres (Vaults:3)
  3 necrophages
  2 wolves (Lair:6)
  An eye of draining (Abyss:4)
  2 centaurs (D:12)
  A big kobold (D:12)
  2 earth elementals (Depths:3)
  A wight (Geh:2)
  A crimson imp (D:5)
  An orc priest (Orc:2)
  An iron imp (Dis:7)
  A white imp (Coc:7)
  11 ball lightnings (Depths:3)
  2 orcs (Orc:2)
  A kobold (D:12)
  2 bushes (D:14)
  13 fungi
  2 lurking horrors (Abyss:3)
  14 plants
  12 starspawn tentacles
  7 tentacles
  A withered plant (Ossuary)
224 creatures vanquished.

Grand Total: 4201 creatures vanquished

Notes
Turn   | Place    | Note
-------+----------+-------------------------------------------
     0 | D:1      | Rrauwl the Gargoyle Earth Elementalist began the quest for the Orb.
     0 | D:1      | Reached XP level 1. HP: 10/10 MP: 3/3
   161 | D:1      | Gained mutation: You have sharp fingernails. [potion of mutation]
   161 | D:1      | Gained mutation: You possess an exceptional clarity of mind. [potion of mutation]
   590 | D:1      | Reached XP level 2. HP: 15/15 MP: 1/5
  1010 | D:2      | Reached skill level 1 in Fighting
  1010 | D:2      | Reached skill level 1 in Maces & Flails
  1010 | D:2      | Reached XP level 3. HP: 19/20 MP: 3/6
  1236 | D:2      | Learned a level 3 spell: Stone Arrow
  1330 | D:2      | Reached XP level 4. HP: 26/26 MP: 7/7
  1602 | D:3      | Noticed MalkierKing's ghost (amateur MiFi)
  1633 | D:3      | Noticed an ogre
  1637 | D:3      | Killed an ogre
  1637 | D:3      | Reached skill level 1 in Conjurations
  1637 | D:3      | Reached XP level 5. HP: 31/31 MP: 3/8
  2348 | D:3      | Reached skill level 5 in Earth Magic
  2978 | D:4      | Found a snail-covered altar of Cheibriados.
  3033 | D:4      | Reached XP level 6. HP: 28/37 MP: 5/9
  3117 | D:4      | Found a hazy altar of Hepliaklqana.
  3121 | D:4      | Found a snail-covered altar of Cheibriados.
  3122 | D:4      | Found a shattered altar of Ashenzari.
  3788 | D:5      | Entered Level 5 of the Dungeon
  3788 | D:5      | Found Yfatt's General Store.
  3794 | D:5      | Identified a scroll of acquirement
  3929 | D:5      | Reached skill level 1 in Shields
  4113 | D:5      | Noticed Blork the orc
  4120 | D:5      | Killed Blork the orc
  4120 | D:5      | Reached XP level 7. HP: 20/41 MP: 4/10
  4386 | D:5      | Found a sand-covered staircase.
  4465 | Ossuary  | Entered an ossuary
  4599 | Ossuary  | Reached XP level 8. HP: 44/46 MP: 1/11
  4718 | Ossuary  | Learned a level 5 spell: Lee's Rapid Deconstruction
  4761 | Ossuary  | Reached skill level 5 in Conjurations
  5075 | Ossuary  | Got a pair of fine gloves
  5086 | Ossuary  | Identified the +0 pair of gloves of Weirdness {rC+ Regen+ Str+2 Int+2} (You acquired it in an ossuary)
  5426 | D:5      | Noticed Pikel
  5445 | D:5      | Killed Pikel
  5445 | D:5      | Reached skill level 5 in Maces & Flails
  5474 | D:5      | Reached XP level 9. HP: 50/50 MP: 3/12
  5588 | D:5      | Reached skill level 1 in Armour
  6282 | D:6      | Noticed a two-headed ogre
  6864 | D:6      | Noticed Stone's ghost (novice MfGl)
  7348 | D:6      | Killed Stone's ghost
  7348 | D:6      | Reached XP level 10. HP: 36/56 MP: 1/14
  8341 | D:7      | Found a staircase to the Ecumenical Temple.
  8350 | Temple   | Entered the Ecumenical Temple
  8396 | Temple   | Became a worshipper of Warmaster Okawaru
  8820 | D:8      | Reached * piety under Okawaru
  9070 | D:8      | Reached skill level 10 in Maces & Flails
  9219 | D:8      | Noticed Erica
  9246 | D:8      | Killed Erica
  9246 | D:8      | Reached ** piety under Okawaru
  9246 | D:8      | Reached skill level 1 in Invocations
  9398 | D:9      | Found a hide-covered altar of Uskayaw.
  9398 | D:9      | Found a white marble altar of Elyvilon.
  9616 | D:9      | Reached XP level 11. HP: 56/62 MP: 14/15
  9624 | D:9      | Reached skill level 2 in Invocations
  9675 | D:9      | Found a burning altar of Makhleb.
  9676 | D:9      | Found a stormy altar of Qazlal.
  9806 | D:9      | Reached skill level 5 in Armour
  9852 | D:9      | Reached skill level 5 in Shields
  9971 | D:9      | Noticed a two-headed ogre
  9980 | D:9      | Killed a two-headed ogre
  9980 | D:9      | Reached skill level 5 in Fighting
 10005 | D:9      | Reached *** piety under Okawaru
 10005 | D:9      | Reached skill level 3 in Invocations
 10211 | D:9      | Found an opulent altar of Gozag.
 10211 | D:9      | Found a shadowy altar of Dithmenos.
 10277 | D:10     | Entered Level 10 of the Dungeon
 10294 | D:10     | Noticed Joseph
 10441 | D:10     | Noticed a manticore
 10462 | D:10     | Noticed Psyche
 10475 | D:10     | Paralysed by Psyche for 3 turns
 10478 | D:10     | Killed Psyche
 10654 | D:10     | Killed a manticore
 10669 | D:10     | Reached **** piety under Okawaru
 10759 | D:10     | You fall through a shaft for 3 floors!
 10769 | D:13     | Learned a level 4 spell: Iskenderun's Mystic Blast
 10789 | D:13     | Noticed a deep elf mage
 10797 | D:13     | Killed a deep elf mage
 10797 | D:13     | Reached skill level 4 in Invocations
 10909 | D:13     | Noticed a cyclops
 10928 | D:12     | Noticed Urug
 10983 | D:12     | Noticed a manticore
 11100 | D:13     | Noticed a cyclops
 11100 | D:13     | Noticed a tengu warrior
 11117 | D:13     | Found a labyrinth entrance.
 11126 | Lab      | Entered a labyrinth
 11439 | Lab      | Reached ***** piety under Okawaru
 11450 | Lab      | Reached skill level 5 in Invocations
 11450 | Lab      | Reached XP level 12. HP: 26/70 MP: 2/18
 11623 | Lab      | Noticed a minotaur
 11856 | Lab      | Killed a minotaur
 12208 | D:11     | Noticed a two-headed ogre
 12218 | D:11     | Found a frozen archway.
 12224 | IceCv    | Entered an ice cave
 12243 | IceCv    | Received a gift from Okawaru
 12812 | IceCv    | Got warped ice dragon scales
 12832 | IceCv    | Identified the cursed +0 ice dragon scales "Ugeit" {*Corrode rF- rC++ MR+ Dex+5 Slay+5} (You found it in an ice cave)
 12895 | D:11     | Killed a two-headed ogre
 13030 | D:11     | Reached skill level 10 in Armour
 13749 | D:10     | Learned a level 1 spell: Apportation
 13871 | D:11     | Noticed Gastronok
 13898 | D:11     | Killed Gastronok
 13898 | D:11     | Received a gift from Okawaru
 14102 | D:11     | Found a staircase to the Lair.
 14107 | D:11     | Reached XP level 13. HP: 61/74 MP: 19/19
 14310 | Lair:1   | Entered Level 1 of the Lair of Beasts
 14552 | Lair:1   | Reached skill level 15 in Armour
 14943 | Lair:1   | Reached skill level 1 in Translocations
 15532 | Lair:2   | Found a staircase to the Snake Pit.
 15666 | Lair:2   | Received a gift from Okawaru
 15960 | Lair:2   | Reached skill level 6 in Invocations
 16066 | Lair:2   | You fall through a shaft for 2 floors!
 16097 | Lair:3   | Noticed Snorg
 16107 | Lair:3   | Killed Snorg
 16151 | Lair:3   | Found a dark tunnel.
 16158 | Volcano  | Entered a volcano
 16482 | Lair:3   | Found a staircase to the Swamp.
 16581 | Lair:3   | Reached skill level 10 in Earth Magic
 17415 | Lair:4   | Gained mutation: Your large and strong wings let you fly indefinitely. [Gargoyle growth]
 17415 | Lair:4   | Reached XP level 14. HP: 84/84 MP: 20/20
 17554 | Lair:4   | Received a gift from Okawaru
 18429 | Lair:5   | Reached skill level 1 in Evocations
 18456 | Lair:5   | Noticed Rupert
 18479 | Lair:5   | Killed Rupert
 18795 | Lair:5   | Reached skill level 7 in Invocations
 18812 | Lair:5   | Learned a level 6 spell: Iron Shot
 19423 | Lair:6   | Entered Level 6 of the Lair of Beasts
 19444 | Lair:6   | Noticed Kirke
 19643 | Lair:6   | Found a staircase to the Slime Pits.
 19944 | Lair:6   | Killed Kirke
 20333 | Lair:6   | Received a gift from Okawaru
 20589 | Lair:6   | Reached skill level 5 in Spellcasting
 20598 | Lair:6   | Reached XP level 15. HP: 90/90 MP: 22/22
 20611 | Lair:6   | Reached skill level 8 in Invocations
 21420 | D:12     | Received a gift from Okawaru
 21593 | D:12     | Killed Urug
 22128 | D:12     | Found a staircase to the Orcish Mines.
 23542 | D:14     | Reached skill level 10 in Conjurations
 23544 | D:14     | Found a gate to the Vaults.
 23553 | D:14     | Received a gift from Okawaru
 23556 | D:14     | Got a shimmering animal skin {god gift}
 23567 | D:14     | Identified the +1 animal skin of Astisiz {Str+5} (Okawaru gifted it to you on level 14 of the Dungeon)
 23755 | D:15     | Entered Level 15 of the Dungeon
 23814 | D:15     | Found a staircase to the Depths.
 24178 | D:15     | Noticed DildoBatman's ghost (adept FoEn)
 24198 | D:15     | Killed DildoBatman's ghost
 24687 | D:15     | Found a shimmering altar of Xom.
 24841 | Orc:1    | Entered Level 1 of the Orcish Mines
 25271 | Orc:2    | Entered Level 2 of the Orcish Mines
 25271 | Orc:2    | Noticed Donald
 25290 | Orc:2    | Noticed Sonja
 25339 | Orc:2    | Killed Donald
 25339 | Orc:2    | Reached XP level 16. HP: 67/96 MP: 24/25
 25516 | Orc:2    | Killed Sonja
 25542 | Orc:2    | Paralysed by an orc sorcerer for 5 turns
 25648 | Orc:2    | Paralysed by an orc sorcerer for 5 turns
 25863 | Orc:2    | Reached skill level 15 in Maces & Flails
 25924 | Orc:2    | Found Luill's Antique Weapon Shop.
 25939 | Orc:2    | Found a roughly hewn altar of Beogh.
 25948 | Orc:2    | Found Lugimp's Antique Armour Boutique.
 26139 | Orc:2    | Found a staircase to the Elven Halls.
 26214 | Orc:2    | Found a roughly hewn altar of Beogh.
 26228 | Orc:2    | Found a roughly hewn altar of Beogh.
 26247 | Orc:2    | Found a roughly hewn altar of Beogh.
 26247 | Orc:2    | Found Xyrus's Assorted Antiques.
 26281 | Orc:2    | Bought a scroll of enchant weapon for 157 gold pieces
 26337 | Orc:2    | Found a roughly hewn altar of Beogh.
 26341 | Orc:2    | Found Fuhin's Antique Weapon Shop.
 26414 | Orc:2    | Bought a smoking cloak for 237 gold pieces
 26424 | Orc:2    | Identified the +2 cloak of Soxtum {rPois MR- Str+3 Dex+7} (You bought it in a shop on level 2 of the Orcish Mines)
 26838 | Snake:1  | Entered Level 1 of the Snake Pit
 27056 | Snake:1  | Received a gift from Okawaru
 27420 | Snake:1  | Noticed Louise
 27766 | Snake:2  | Noticed a nagaraja
 27779 | Snake:2  | Killed a nagaraja
 28731 | Snake:3  | Noticed a nagaraja
 28751 | Snake:3  | Noticed a nagaraja
 28756 | Snake:3  | Killed a nagaraja
 28766 | Snake:3  | Killed a nagaraja
 28774 | Snake:3  | Reached XP level 17. HP: 67/100 MP: 21/26
 28860 | Snake:3  | Received a gift from Okawaru
 29124 | Snake:3  | Reached skill level 5 in Dodging
 29655 | Snake:3  | Reached skill level 9 in Invocations
 29737 | Snake:4  | Entered Level 4 of the Snake Pit
 29862 | Snake:4  | Got a jewelled chain mail
 29863 | Snake:4  | Identified the cursed +1 chain mail of Dummiz {rC+ Regen+} (You found it on level 4 of the Snake Pit)
 29998 | Snake:4  | Reached skill level 10 in Fighting
 30051 | Snake:4  | Noticed Roxanne
 30167 | Snake:4  | Noticed Vashnia
 30200 | Snake:4  | Killed Vashnia
 30371 | Snake:4  | Reached skill level 10 in Shields
 30371 | Snake:4  | Reached skill level 10 in Invocations
 30372 | Snake:4  | Noticed Saint Roka
 30392 | Snake:4  | Received a gift from Okawaru
 30420 | Snake:4  | Banished Saint Roka
 30896 | Snake:4  | Killed Roxanne
 30903 | Snake:4  | Identified Roxanne's Reference Book on Shape Shifting (You took it off Roxanne on level 4 of the Snake Pit)
 31317 | Snake:4  | Reached XP level 18. HP: 103/110 MP: 27/27
 31356 | Snake:4  | Received a gift from Okawaru
 31479 | Snake:4  | Got a serpentine rune of Zot
 31853 | Swamp:1  | Entered Level 1 of the Swamp
 31901 | Swamp:1  | Reached ****** piety under Okawaru
 31901 | Swamp:1  | Received a gift from Okawaru
 33786 | Swamp:4  | Entered Level 4 of the Swamp
 33909 | Swamp:4  | Noticed jazmu's ghost (adept GrAs)
 34004 | Swamp:4  | Noticed Mara
 34631 | Swamp:4  | Received a gift from Okawaru
 34799 | Swamp:4  | Banished Mara
 34830 | Swamp:4  | Got a decaying rune of Zot
 34839 | Swamp:4  | Found the -2 hat of the Alchemist {rElec rPois rF+ rC+ rN+ MR+ rMut rCorr}
 34944 | Swamp:4  | Reached XP level 19. HP: 108/116 MP: 29/29
 35122 | Lair:1   | Upgraded the game from 0.21.0-25-ge575cb9ce8 to 0.21.0-26-g889b8f6872
 35229 | Vaults:1 | Entered Level 1 of the Vaults
 35351 | Vaults:1 | Learned a level 1 spell: Summon Butterflies
 35384 | Vaults:1 | Reached skill level 5 in Evocations
 35468 | Vaults:1 | Reached skill level 1 in Summonings
 35706 | Vaults:1 | Found an ornate altar of the Wu Jian Council.
 35709 | Vaults:1 | Found Ucias's Food Emporium.
 36154 | Vaults:1 | Received a gift from Okawaru
 36181 | Vaults:1 | Reached skill level 15 in Earth Magic
 36939 | Vaults:2 | Noticed Aizul
 36948 | Vaults:2 | Killed Aizul
 37073 | Vaults:2 | Found Uxkynas's Distillery.
 37079 | Vaults:2 | Bought a potion of heal wounds for 105 gold pieces
 37079 | Vaults:2 | Bought a potion of haste for 210 gold pieces
 37079 | Vaults:2 | Bought a potion of heal wounds for 105 gold pieces
 37316 | Vaults:2 | Noticed Asterion
 37322 | Vaults:2 | Banished Asterion
 37512 | Vaults:2 | Reached skill level 15 in Fighting
 37911 | Vaults:2 | Found Litz's Food Emporium.
 37912 | Vaults:2 | Found Piheseh's Armour Boutique.
 37945 | Vaults:2 | Reached XP level 20. HP: 101/130 MP: 30/30
 38046 | Vaults:3 | Found Kerizobb's Antique Weapon Shoppe.
 38132 | Vaults:3 | Received a gift from Okawaru
 38343 | Vaults:3 | Noticed Boris
 38926 | Vaults:3 | Found a staircase to the Crypt.
 39490 | Vaults:3 | Banished Boris
 39634 | Vaults:4 | Received a gift from Okawaru
 39883 | Vaults:4 | Paralysed by an ogre mage for 6 turns
 39910 | Vaults:4 | Paralysed by an ogre mage for 2 turns
 40052 | Vaults:4 | Found Nufurhur's Distillery.
 40056 | Vaults:4 | Bought 2 potions of curing for 66 gold pieces
 40056 | Vaults:4 | Bought a potion of heal wounds for 55 gold pieces
 40056 | Vaults:4 | Bought a potion of haste for 110 gold pieces
 40056 | Vaults:4 | Bought a potion of haste for 110 gold pieces
 40056 | Vaults:4 | Bought a potion of magic for 88 gold pieces
 40543 | Vaults:4 | Reached XP level 21. HP: 136/136 MP: 31/31
 40648 | Vaults:4 | Found Varoejuk's Food Shop.
 40941 | Vaults:4 | Reached skill level 11 in Invocations
 41181 | Lair:1   | Learned a level 5 spell: Bolt of Magma
 41194 | Lair:1   | Learned a level 7 spell: Orb of Destruction
 41367 | Vaults:5 | Entered Level 5 of the Vaults
 41485 | Vaults:5 | Received a gift from Okawaru
 41488 | Vaults:5 | Noticed a golden dragon
 41724 | Vaults:5 | Reached skill level 15 in Shields
 42110 | Vaults:5 | Received a gift from Okawaru
 42559 | Vaults:5 | Received a gift from Okawaru
 42689 | Vaults:5 | Reached skill level 15 in Conjurations
 43000 | Vaults:5 | Paralysed by a lich for 6 turns
 43011 | Vaults:5 | Paralysed by a lich for 5 turns
 43020 | Vaults:5 | Reached XP level 22. HP: 71/142 MP: 32/34
 43301 | Vaults:5 | Reached skill level 1 in Fire Magic
 43352 | Vaults:5 | Killed a golden dragon
 43358 | Vaults:5 | Identified the Papyrus of Attacks
 43365 | Vaults:5 | Learned a level 4 spell: Sticky Flame
 43795 | Vaults:5 | Reached skill level 5 in Fire Magic
 43897 | Vaults:5 | Received a gift from Okawaru
 43958 | Vaults:5 | Identified the amulet "Qotantulao" {Inacc rF++} (You found it on level 5 of the Vaults)
 44018 | Vaults:5 | Got a silver rune of Zot
 44567 | Slime:1  | Entered Level 1 of the Pits of Slime
 46751 | Slime:2  | Reached XP level 23. HP: 84/152 MP: 36/36
 47099 | Slime:3  | Gained mutation: Your body sometimes deteriorates upon taking damage. [a shining eye]
 47515 | Slime:4  | Received a gift from Okawaru
 47646 | Slime:5  | Entered Level 5 of the Pits of Slime
 47669 | Slime:5  | Gained mutation: You occasionally shout uncontrollably at your foes. [a shining eye]
 47671 | Slime:5  | Paralysed by a great orb of eyes for 2 turns
 47746 | Slime:5  | Paralysed by a floating eye for 2 turns
 47894 | Slime:5  | Paralysed by a floating eye for 2 turns
 48855 | Slime:5  | Noticed the Royal Jelly
 48856 | Slime:5  | Found a viscous altar of Jiyva.
 48868 | Slime:5  | Killed the Royal Jelly
 49638 | Slime:5  | Got a pitted bone ring
 49639 | Slime:5  | Identified the ring "Sihiovola" {rPois rF+ Int+5} (You found it on level 5 of the Pits of Slime)
 49648 | Slime:5  | Identified the +10 shadow dragon scales of Syndicalism {rF+ Regen+ Stlth++++} (You found it on level 5 of the Pits of Slime)
 49681 | Slime:5  | Got a slimy rune of Zot
 49734 | Slime:5  | Got a wavering steel ring
 49735 | Slime:5  | Identified the ring of Jyar Pepeoxt {rPois Str+4} (You found it on level 5 of the Pits of Slime)
 50201 | Crypt:1  | Entered Level 1 of the Crypt
 50222 | Crypt:1  | Noticed Khufu
 50223 | Crypt:1  | Noticed a greater mummy
 50224 | Crypt:1  | Noticed a greater mummy
 50413 | Depths:1 | Entered Level 1 of the Depths
 50692 | Depths:1 | Noticed Jorgrun
 50706 | Depths:1 | Killed Jorgrun
 51001 | Depths:1 | Found a gateway to Hell.
 51034 | Depths:1 | Found a one-way gate to the infinite horrors of the Abyss.
 51192 | Depths:1 | Found Beokanae's Elemental Accessories.
 51464 | Depths:1 | Lost mutation: You occasionally shout uncontrollably at your foes. [potion of mutation]
 51464 | Depths:1 | Gained mutation: You expend magic power (3 MP) to strengthen your wands. [potion of mutation]
 51464 | Depths:1 | Gained mutation: You are partially covered in iridescent scales. (AC +2) [potion of mutation]
 51743 | Depths:2 | Received a gift from Okawaru
 51863 | Depths:2 | Identified the +6 fire dragon scales of Autotheism {rElec rF++ rC- Str+4} (You found it on level 2 of the Depths)
 51942 | Depths:2 | Reached XP level 24. HP: 156/166 MP: 36/36
 52233 | Depths:2 | Received a gift from Okawaru
 52837 | Depths:2 | Found a one-way gate leading to the halls of Pandemonium.
 53973 | Depths:3 | Got a clouded lapis lazuli ring
 53974 | Depths:3 | Identified the ring "Peok" {Fire Int+5 Dex-4} (You found it on level 3 of the Depths)
 54094 | Depths:3 | Received a gift from Okawaru
 54122 | Depths:3 | Got a clouded golden ring
 54123 | Depths:3 | Identified the ring of Cowardice {+Fly Str+4 Int+7 Stlth+} (You found it on level 3 of the Depths)
 54128 | Depths:3 | Lost mutation: You expend magic power (3 MP) to strengthen your wands. [potion of mutation]
 54128 | Depths:3 | Lost mutation: Your body sometimes deteriorates upon taking damage. [potion of mutation]
 54128 | Depths:3 | Lost mutation: You possess an exceptional clarity of mind. [potion of mutation]
 54128 | Depths:3 | Gained mutation: You are somewhat resistant to further mutation. [potion of mutation]
 54262 | Depths:3 | Lost mutation: You are partially covered in iridescent scales. (AC +2) [potion of mutation]
 54262 | Depths:3 | Lost mutation: You are somewhat resistant to further mutation. [potion of mutation]
 54262 | Depths:3 | Gained mutation: Scrolls take you a little longer to read. [potion of mutation]
 54262 | Depths:3 | Gained mutation: You are frail. (-10% HP) [potion of mutation]
 54262 | Depths:3 | Gained mutation: You are resistant to hostile enchantments. (MR+) [potion of mutation]
 54262 | Depths:3 | Gained mutation: Your spells are a little harder to cast, but a little more powerful. [potion of mutation]
 54332 | Depths:3 | Got a scintillating brass ring
 54335 | Depths:3 | Identified the ring "Qethrorox" {*Tele rC+ rN++ MR+ Int-5} (You found it on level 3 of the Depths)
 54651 | Lair:1   | Lost mutation: You are frail. (-10% HP) [potion of mutation]
 54651 | Lair:1   | Lost mutation: Scrolls take you a little longer to read. [potion of mutation]
 54651 | Lair:1   | Lost mutation: Your spells are a little harder to cast, but a little more powerful. [potion of mutation]
 54651 | Lair:1   | Gained mutation: You expend magic power (3 MP) to strengthen your wands. [potion of mutation]
 54651 | Lair:1   | Gained mutation: You have sharp toenails. [potion of mutation]
 54652 | Lair:1   | Lost mutation: You are resistant to hostile enchantments. (MR+) [potion of mutation]
 54652 | Lair:1   | Lost mutation: You expend magic power (3 MP) to strengthen your wands. [potion of mutation]
 54652 | Lair:1   | Lost mutation: You have sharp fingernails. [potion of mutation]
 54652 | Lair:1   | Lost mutation: You have sharp toenails. [potion of mutation]
 54652 | Lair:1   | Gained mutation: Your body sometimes deteriorates upon taking damage. [potion of mutation]
 54652 | Lair:1   | Gained mutation: You are partially covered in rugged brown scales. (AC +1, +3% HP) [potion of mutation]
 54653 | Lair:1   | Lost mutation: You are partially covered in rugged brown scales. (AC +1, +3% HP) [potion of mutation]
 54653 | Lair:1   | Lost mutation: Your body sometimes deteriorates upon taking damage. [potion of mutation]
 54653 | Lair:1   | Gained mutation: You do not regenerate when monsters are visible. [potion of mutation]
 54653 | Lair:1   | Gained mutation: You are dopey. (Int -2) [potion of mutation]
 54653 | Lair:1   | Gained mutation: You possess an exceptional clarity of mind. [potion of mutation]
 54653 | Lair:1   | Gained mutation: You are partially covered in rugged brown scales. (AC +1, +3% HP) [potion of mutation]
 54819 | Depths:4 | Reached XP level 25. HP: 174/178 MP: 36/36
 55149 | Depths:4 | Received a gift from Okawaru
 55248 | Depths:4 | Cast into level 2 of the Abyss (a deep elf demonologist)
 55254 | Abyss:2  | Found a corrupted altar of Lugonu.
 55698 | Abyss:3  | Found a corrupted altar of Lugonu.
 56411 | Abyss:3  | Gained mutation: You expend magic power (3 MP) to strengthen your wands. [a neqoxec]
 56512 | Abyss:3  | Gained mutation: Scrolls take you a little longer to read. [a cacodemon]
 56548 | Abyss:3  | Got an abyssal rune of Zot
 56918 | Depths:4 | Escaped the Abyss
 57109 | Depths:4 | Reached XP level 26. HP: 143/184 MP: 36/36
 57439 | Depths:4 | Received a gift from Okawaru
 57506 | Depths:4 | Identified the cursed -7 helmet of Qenucok {rF+ rC+ MR+ Str-5} (You found it on level 4 of the Depths)
 57575 | Depths:4 | Found a gateway to a ziggurat.
 57596 | Zig:1    | Entered Level 1 of a ziggurat
 57600 | Zig:1    | Reached skill level 10 in Spellcasting
 57627 | Zig:2    | Entered Level 2 of a ziggurat
 57654 | Zig:3    | Entered Level 3 of a ziggurat
 57745 | Zig:4    | Entered Level 4 of a ziggurat
 57783 | Zig:4    | Learned a level 2 spell: Blink
 57785 | Zig:5    | Entered Level 5 of a ziggurat
 57883 | Zig:5    | Lost mutation: You do not regenerate when monsters are visible. [potion of mutation]
 57883 | Zig:5    | Lost mutation: Scrolls take you a little longer to read. [potion of mutation]
 57883 | Zig:5    | Gained mutation: You are partially covered in yellow scales. (AC +2) [potion of mutation]
 57883 | Zig:5    | Gained mutation: You are mostly covered in rugged brown scales. (AC +2, +5% HP) [potion of mutation]
 57883 | Zig:5    | Gained mutation: Your muscles are strong. (Str +2) [potion of mutation]
 57889 | Zig:5    | Identified the +3 pair of boots "Lehamuec" {Str+3} (You acquired it on level 5 of a ziggurat)
 57925 | Zig:6    | Entered Level 6 of a ziggurat
 57969 | Zig:6    | Reached skill level 5 in Translocations
 57971 | Zig:6    | Found the +12 glaive of Prune {chop}
 57991 | Zig:6    | Reached XP level 27. HP: 193/193 MP: 37/37
 58005 | Zig:7    | Entered Level 7 of a ziggurat
 58011 | Zig:7    | Noticed an orb of fire
 58040 | Zig:7    | Killed an orb of fire
 58206 | Zig:7    | Identified the Papyrus of Levity
 58214 | Zig:7    | Learned a level 5 spell: Bolt of Draining
 58560 | Depths:4 | Reached skill level 1 in Necromancy
 58844 | Hell     | Entered the Vestibule of Hell
 58844 | Hell     | Noticed Geryon
 58880 | Hell     | Noticed Murray
 58898 | Depths:1 | Killed Murray
 59026 | Hell     | Killed Geryon
 59195 | Hell     | Found a gateway to the freezing wastes of Cocytus.
 59244 | Hell     | Found a gateway to the Iron City of Dis.
 59253 | Hell     | Reached skill level 5 in Necromancy
 59435 | Hell     | Received a gift from Okawaru
 59442 | Hell     | Found a gateway to the decaying netherworld of Tartarus.
 59448 | Hell     | Reached skill level 5 in Summonings
 59618 | Hell     | Found a gateway to the ashen valley of Gehenna.
 59796 | Geh:1    | Entered Level 1 of Gehenna
 60436 | Geh:1    | Received a gift from Okawaru
 61210 | Geh:3    | You are sucked into a shaft for 3 floors!
 61386 | Geh:7    | Entered Level 7 of Gehenna
 61805 | Geh:7    | Received a gift from Okawaru
 61834 | Geh:7    | Noticed the Serpent of Hell
 61853 | Geh:7    | Killed the Serpent of Hell
 62302 | Geh:7    | Noticed Asmodeus
 62337 | Geh:7    | Killed Asmodeus
 62359 | Geh:7    | Found the amulet of the Air {Inacc +Fly rElec EV+5 RMsl}
 62380 | Geh:7    | Identified the Volume of Enchanting Contamination
 62424 | Geh:7    | Identified the Disquisition on Stones and Fire
 62426 | Geh:7    | Identified Sif Muna's Handbook of Flight
 62462 | Geh:7    | Got an obsidian rune of Zot
 62471 | Geh:7    | Got a twitching bone amulet
 62472 | Geh:7    | Identified the amulet "Zitsin" {Harm *Drain Str+5 Dex+6 Slay-5} (You found it on level 7 of Gehenna)
 62571 | Geh:7    | Reached skill level 12 in Invocations
 63023 | Dis:1    | Entered Level 1 of the Iron City of Dis
 63825 | Dis:2    | Cast into level 2 of the Abyss (reaper)
 63881 | Abyss:2  | Received a gift from Okawaru
 63904 | Dis:2    | Escaped the Abyss
 64941 | Dis:5    | Reached skill level 10 in Dodging
 64950 | Dis:5    | Reached skill level 5 in Stealth
 65332 | Dis:6    | Received a gift from Okawaru
 65440 | Dis:6    | Reached skill level 10 in Stealth
 65445 | Dis:7    | Entered Level 7 of the Iron City of Dis
 65966 | Dis:7    | Received a gift from Okawaru
 66379 | Dis:7    | Found the +11 plutonium sword {*Contam Stlth-}
 66508 | Dis:7    | Got a sparkling jade ring
 66509 | Dis:7    | Identified the ring of the Sky {MP+9 Dex+5} (You found it on level 7 of the Iron City of Dis)
 67112 | Dis:7    | Received a gift from Okawaru
 67201 | Dis:7    | Noticed Dispater
 67285 | Dis:7    | Killed Dispater
 67285 | Dis:7    | Reached skill level 13 in Invocations
 67348 | Dis:7    | Got an iron rune of Zot
 67753 | Hell     | Upgraded the game from 0.21.0-26-g889b8f6872 to 0.21.0-30-g47ce8e4cbb
 67754 | Tar:1    | Entered Level 1 of Tartarus
 68159 | Tar:3    | Reached skill level 14 in Invocations
 68427 | Tar:5    | Received a gift from Okawaru
 68767 | Tar:5    | Found a huge runed gate.
 68767 | Tar:5    | Found a huge runed gate.
 68767 | Tar:5    | Found a huge runed gate.
 68767 | Tar:5    | Found a huge runed gate.
 68767 | Tar:5    | Found a huge runed gate.
 68767 | Tar:5    | Found a huge runed gate.
 68768 | Tar:5    | Found a huge runed gate.
 68769 | Tar:5    | Found a huge runed gate.
 68770 | Tar:5    | Found a huge runed gate.
 68771 | Tar:5    | Found a huge runed gate.
 68779 | Tar:5    | Found a huge runed gate.
 68840 | Tar:5    | Reached skill level 10 in Evocations
 68847 | Tar:5    | Noticed an ancient lich
 68847 | Tar:5    | Noticed an ancient lich
 68850 | Tar:5    | Noticed an ancient lich
 68864 | Tar:5    | Killed an ancient lich
 68864 | Tar:5    | Received a gift from Okawaru
 68909 | Tar:6    | Reached skill level 15 in Invocations
 69275 | Tar:6    | Received a gift from Okawaru
 69672 | Tar:7    | Entered Level 7 of Tartarus
 69828 | Tar:7    | Cast into level 4 of the Abyss (reaper)
 69854 | Abyss:4  | Found a snail-covered altar of Cheibriados.
 70110 | Tar:7    | Escaped the Abyss
 70227 | Tar:7    | Noticed Ereshkigal
 70266 | Tar:7    | Killed Ereshkigal
 70415 | Tar:7    | Received a gift from Okawaru
 70517 | Tar:7    | Reached skill level 15 in Dodging
 70561 | Tar:7    | Got a glittering platinum ring
 70562 | Tar:7    | Identified the ring of Zailer {rCorr +Fly} (You found it on level 7 of Tartarus)
 70569 | Tar:7    | Reached skill level 15 in Stealth
 70716 | Tar:7    | Received a gift from Okawaru
 70719 | Tar:7    | Identified the +9 plate armour of Gipostiog {rElec rF+} (Okawaru gifted it to you on level 7 of Tartarus)
 70986 | Tar:7    | Paralysed by a vampire knight for 4 turns
 70998 | Tar:7    | Noticed an ancient lich
 71010 | Tar:7    | Killed an ancient lich
 71212 | Tar:7    | Got a bone rune of Zot
 71666 | Coc:1    | Entered Level 1 of Cocytus
 72234 | Coc:2    | You are sucked into a shaft for 2 floors!
 72288 | Coc:4    | Received a gift from Okawaru
 73052 | Coc:6    | Received a gift from Okawaru
 73147 | Coc:7    | Entered Level 7 of Cocytus
 73468 | Coc:7    | Reached skill level 16 in Invocations
 73477 | Coc:7    | Identified the Tome of Dislocation and Enchantment
 73765 | Coc:7    | Reached skill level 17 in Invocations
 73918 | Coc:7    | Received a gift from Okawaru
 73950 | Coc:7    | Noticed Antaeus
 73980 | Coc:7    | Reached skill level 18 in Invocations
 74345 | Coc:7    | Reached skill level 19 in Invocations
 74387 | Coc:7    | Got a slimy granite ring
 74388 | Coc:7    | Identified the ring "Eppoc" {rPois Str+6} (You found it on level 7 of Cocytus)
 74594 | Coc:7    | Killed Antaeus
 74594 | Coc:7    | Received a gift from Okawaru
 74661 | Coc:7    | Got an icy rune of Zot
 74814 | Depths:5 | Entered Level 5 of the Depths
 74830 | Depths:5 | Reached skill level 20 in Invocations
 74837 | Depths:5 | Noticed the Enchantress
 74853 | Depths:5 | Killed the Enchantress
 74885 | Depths:5 | Got faerie dragon scales
 74886 | Depths:5 | Identified the +3 faerie dragon scales {rN+ rCorr Str-5 Slay+2} (You took it off the Enchantress on level 5 of the Depths)
 75135 | Depths:5 | Found a gate to the Realm of Zot.
 75149 | Depths:5 | Received a gift from Okawaru
 75183 | Zot:1    | Entered Level 1 of the Realm of Zot
 75484 | Zot:2    | Reached skill level 21 in Invocations
 75677 | Zot:2    | Received a gift from Okawaru
 75747 | Zot:2    | Received a gift from Okawaru
 75753 | Zot:2    | Reached skill level 22 in Invocations
 75791 | Zot:2    | Found a stormy altar of Qazlal.
 75794 | Zot:2    | Noticed an orb of fire
 75795 | Zot:2    | Noticed an ancient lich
 75823 | Zot:2    | Killed an orb of fire
 75823 | Zot:2    | Received a gift from Okawaru
 75834 | Zot:2    | Killed an ancient lich
 75880 | Zot:2    | Identified the +1 fire dragon scales "Qypegod" {*Slow rF++ rC- MP+9 Str+4 Int+4} (You found it on level 2 of the Realm of Zot)
 76760 | Zot:4    | Received a gift from Okawaru
 76844 | Zot:5    | Entered Level 5 of the Realm of Zot
 77025 | Zot:5    | Noticed an orb of fire
 77054 | Zot:5    | Killed an orb of fire
 77101 | Zot:5    | Noticed an orb of fire
 77115 | Zot:5    | Noticed an orb of fire
 77116 | Zot:5    | Noticed an ancient lich
 77127 | Zot:5    | Killed an orb of fire
 77132 | Zot:5    | Killed an orb of fire
 77139 | Zot:5    | Reached skill level 23 in Invocations
 77161 | Zot:5    | Killed an ancient lich
 77161 | Zot:5    | Received a gift from Okawaru
 77285 | Zot:5    | Identified the +9 plate armour of Honour {Regen+ Str+9 Int-2 Stlth+} (You found it on level 5 of the Realm of Zot)
 77331 | Zot:5    | Reached skill level 24 in Invocations
 77356 | Zot:5    | Got the Orb of Zot
 77644 | Zot:3    | Noticed a seraph
 77667 | Zot:2    | Received a gift from Okawaru
 77834 | Zot:1    | Reached skill level 25 in Invocations
 78173 | D:3      | Noticed a seraph
 78257 | D:$      | Escaped with the Orb!

Skill      XL: |  1  2  3  4  5  6  7  8  9 10 11 12 13 14 15 16 17 18 19 20 21 22 23 24 25 26 27 |
---------------+----------------------------------------------------------------------------------+-----
Dodging        | 2 3 4 5 7 8 9 15 | 15.0
Earth Magic    | 4 5 6 8 10 12 13 14 15 20 | 20.0
Fighting       | 1 2 3 4 6 8 9 11 12 15 16 18 21 22 | 22.0
Maces & Flails | 1 2 5 8 10 11 12 14 16 17 18 20 22 | 22.0
Conjurations   | 1 2 3 4 5 6 7 8 10 12 13 15 20 | 20.0
Shields        | 2 3 4 6 8 10 12 14 16 17 18 22 | 22.0
Armour         | 4 6 13 15 16 17 18 22 | 22.0
Spellcasting   | 3 4 5 6 7 8 9 10 13 | 13.0
Invocations    | 1 5 6 7 8 10 11 25 | 25.0
Stealth        | 3 16 | 16.0
Translocations | 2 3 4 5 |  5.0
Evocations     | 3 4 5 6 12 | 12.0
Summonings     | 3 4 5 |  5.0
Fire Magic     | 6 |  6.0
Necromancy     | 5 |  5.0
Transmutations | |  0.7

Action                   |  1- 3 |  4- 6 |  7- 9 | 10-12 | 13-15 | 16-18 | 19-21 | 22-24 | 25-27 || total
-------------------------+-------+-------+-------+-------+-------+-------+-------+-------+-------++-------
Melee: Whip              |   118 |   188 |   364 |   955 |       |       |       |       |       ||  1625
       Unarmed           |    25 |       |       |       |       |       |       |       |       ||    25
       Flail             |       |       |       |    54 |  1281 |       |       |       |       ||  1335
       Eveningstar       |       |       |       |       |   863 |  1660 |  1543 |  2151 |  8578 || 14795
Throw: Throwing net      |       |       |       |       |       |       |       |       |     1 ||     1
 Cast: Sandblast         |    18 |    37 |    56 |    42 |       |       |       |       |       ||   153
       Stone Arrow       |       |     1 |    64 |   225 |    14 |     4 |       |       |       ||   308
       Iskenderun's Myst |       |       |       |     1 |     6 |    27 |       |       |       ||    34
       Lee's Rapid Decon |       |       |       |       |     1 |    19 |     1 |     5 |     7 ||    33
       Iron Shot         |       |       |       |       |       |    12 |     1 |    11 |    12 ||    36
       Bolt of Magma     |       |       |       |       |       |       |    18 |    15 |     8 ||    41
       Orb of Destructio |       |       |       |       |       |       |    11 |     6 |     1 ||    18
       Summon Butterflie |       |       |       |       |       |       |       |       |     1 ||     1
       Blink             |       |       |       |       |       |       |       |       |     3 ||     3
Invok: Heroism           |       |       |       |    13 |    62 |    29 |    40 |    36 |   162 ||   342
       Finesse           |       |       |       |     2 |     2 |     6 |     2 |     2 |    15 ||    29
 Abil: Fly               |       |       |       |       |     1 |       |       |       |       ||     1
Evoke: Wand              |       |       |    11 |    10 |    11 |    14 |    10 |     6 |    15 ||    77
       Phial of floods   |       |       |       |       |     1 |       |       |       |       ||     1
       Horn of Geryon    |       |       |       |       |       |       |       |       |     1 ||     1
       Lightning rod     |       |       |       |       |       |       |       |       |     1 ||     1
  Use: Potion            |     6 |     3 |     6 |     8 |     4 |     8 |     8 |     9 |    30 ||    82
       Scroll            |     7 |     4 |     5 |    12 |     9 |     9 |    18 |    20 |    48 ||   132
 Stab: Sleeping          |       |     4 |     2 |     4 |     2 |     1 |     3 |     3 |    69 ||    88
       Invisible         |       |       |     1 |     2 |       |     1 |       |       |     6 ||    10
       Distracted        |       |       |       |       |     1 |     3 |     4 |     5 |    21 ||    34
       Confused          |       |       |       |       |       |     3 |     3 |       |       ||     6
  Eat: Chunk             |     2 |     6 |     5 |    23 |    31 |    11 |    25 |    12 |    23 ||   138
       Ration            |       |     1 |     4 |     6 |     4 |    11 |     4 |    11 |    22 ||    63
Armor: Robe              |    62 |    59 |    97 |   105 |       |       |       |       |       ||   323
       Ring mail         |       |       |       |   145 |   582 |   491 |   366 |   426 |       ||  2010
       Ice dragon scales |       |       |       |    14 |       |       |       |       |       ||    14
       Shadow dragon sca |       |       |       |       |       |       |       |   372 |  3094 ||  3466
Dodge: Dodged            |   138 |   110 |   108 |   178 |   512 |   503 |   425 |   741 |  3598 ||  6313
Block: Shield            |       |    19 |   162 |   646 |  1539 |  1401 |  1179 |  1845 | 10066 || 16857
       Reflection        |       |       |       |    24 |    33 |   144 |   109 |    56 |   112 ||   478
